Map: [TLMC15] Curious Minds

Players

Serral - Winner!

  • Race: Zerg Zerg
  • League: Master

LiquidClem (Clem)

  • Race: Terran Terran
  • League: Master

VOD

https://www.youtube.com/watch?v=_hM76z6KrjE

Description

Time

  • Played on: Oct. 24, 2021, 4:24 p.m.
  • Length: 22:26
Show
View Real Time Build Order
Export as new Build Order

Serral Zerg - Winner!

Build Orders: Hatch First, Lurkers 

Get SALT Encoding   

  12  0:00  Drone  
  13  0:11  Overlord  
  13  0:16  Drone  
  14  0:30  Drone x2  
  16  0:47  Hatchery  
  15  0:50  Drone  
  15  0:54  Drone  
  17  0:58  Drone  
  18  1:08  Extractor  
  17  1:13  Spawning Pool  
  17  1:16  Drone  
  17  1:19  Drone  
  18  1:28  Drone  
  19  1:38  Drone  
  20  1:48  Drone  
  21  1:59  Queen x2  
  21  2:00  Zergling x4  
  27  2:10  Overlord  
  27  2:11  Drone  
  28  2:21  Hatchery  
  27  2:28  Drone  
  28  2:30  Drone  
  28  2:35  Spore Crawler  
  28  2:37  Drone x2  
  28  2:40  Metabolic Boost  
  30  2:46  Queen  
  32  2:51  Overlord  
  32  2:53  Drone  
  32  2:57  Drone  
  34  2:58  Drone  
  34  3:03  Overlord  
  35  3:11  Drone x3  
  38  3:13  Drone  
  38  3:18  Queen  
  41  3:23  Drone  
  41  3:26  Queen  
  44  3:30  Zergling x2  
  45  3:34  Queen  
  45  3:38  Overlord  
  47  3:42  Drone x2  
  47  3:45  Zergling x4  
  47  3:46  Drone  
  47  3:48  Drone  
  53  3:51  Drone x2  
  55  3:56  Queen  
  55  4:00  Overlord  
  55  4:01  Zergling x2  
  59  4:02  Drone  
  59  4:06  Queen  
  61  4:11  Zergling x4  
  61  4:16  Queen  
  65  4:19  Overlord  
  65  4:20  Drone x2  
  65  4:21  Drone  
  68  4:24  Overlord  
  68  4:25  Drone  
  68  4:29  Drone  
  70  4:31  Overlord  
  70  4:38  Drone  
  70  4:39  Drone x2  
  70  4:41  Evolution Chamber  
  70  4:42  Drone  
  70  4:44  Evolution Chamber, Overlord  
  72  4:46  Drone x2  
  72  4:50  Drone x3  
  72  4:52  Spore Crawler  
  76  4:55  Spore Crawler  
  76  4:58  Spore Crawler  
  76  4:59  Zergling x4  
  76  5:01  Drone x2  
  76  5:03  Drone  
  76  5:06  Extractor  
  78  5:10  Zergling x6  
  78  5:11  Zergling x2  
  82  5:18  Drone  
  82  5:19  Drone x3  
  82  5:21  Drone  
  87  5:22  Zerg Melee Weapons Level 1  
  87  5:23  Zerg Ground Armor Level 1  
  87  5:27  Drone x2  
  89  5:28  Spore Crawler  
  89  5:33  Overlord  
  89  5:34  Drone x2, Spore Crawler  
  90  5:35  Drone  
  90  5:37  Drone x2  
  90  5:38  Drone  
  90  5:41  Drone x2  
  95  5:46  Drone  
  95  5:49  Extractor  
  95  5:50  Extractor  
  95  5:51  Drone  
  95  5:52  Drone  
  96  5:58  Lair, Hatchery  
  96  6:00  Drone x5  
  100  6:05  Drone x4  
  100  6:08  Baneling Nest  
  100  6:10  Overlord  
  103  6:13  Zergling x4  
  105  6:23  Overlord x3  
  105  6:26  Overlord  
  105  6:27  Hatchery  
  105  6:28  Overlord  
  105  6:32  Zergling x10  
  109  6:34  Zergling x6  
  112  6:41  Zergling x4  
  112  6:45  Overlord  
  112  6:46  Zergling x6  
  117  6:52  Zergling x4  
  119  6:56  Centrifugal Hooks  
  117  7:07  Zergling x6  
  117  7:08  Drone x3  
  116  7:14  Queen  
  118  7:18  Overlord  
  118  7:19  Zergling x10  
  118  7:22  Drone  
  123  7:23  Overlord  
  123  7:26  Baneling x7  
  123  7:28  Zergling x2  
  123  7:29  Zergling x2  
  124  7:35  Zergling x8  
  127  7:37  Zerg Ground Armor Level 2, Zerg Melee Weapons Level 2  
  127  7:40  Drone x6  
  127  7:41  Drone, Infestation Pit  
  133  7:44  Extractor  
  133  7:45  Queen, Extractor  
  133  7:49  Zergling x18  
  141  7:53  Overseer, Pneumatized Carapace  
  141  7:58  Baneling x8  
  141  8:03  Zergling x14  
  140  8:09  Baneling x4  
  140  8:10  Overlord  
  139  8:14  Overlord  
  139  8:17  Zergling x20  
  145  8:25  Zergling x8  
  149  8:28  Hive  
  149  8:29  Baneling x5  
  149  8:30  Baneling  
  149  8:31  Hydralisk Den  
  149  8:32  Baneling  
  148  8:34  Zergling x10  
  148  8:40  Zergling x8  
  148  8:41  Zergling x12  
  163  8:44  Overlord  
  163  8:46  Zergling x6  
  163  8:48  Drone  
  164  8:49  Spore Crawler  
  159  8:57  Zergling x18  
  159  8:59  Baneling x8  
  159  9:00  Overseer  
  161  9:04  Zergling x2  
  161  9:07  Baneling x11  
  158  9:13  Zergling x10  
  158  9:14  Zergling x6  
  160  9:18  Overseer  
  159  9:29  Zergling x6  
  159  9:30  Zergling x20  
  167  9:35  Zergling x6  
  154  9:51  Drone x3  
  154  9:52  Drone x3  
  155  9:54  Zerg Ground Armor Level 3  
  155  9:55  Zerg Missile Weapons Level 1, Zergling x16  
  155  9:58  Lurker Den  
  155  9:59  Baneling x6  
  158  10:05  Queen  
  158  10:07  Drone  
  158  10:14  Zergling x24  
  163  10:17  Baneling x5  
  163  10:18  Baneling x5  
  166  10:28  Zergling x8  
  166  10:29  Zergling x16  
  166  10:31  Baneling  
  166  10:32  Baneling  
  166  10:34  Drone x3  
  166  10:35  Drone  
  175  10:44  Zergling x12, Extractor  
  175  10:45  Zergling x4  
  175  10:46  Extractor  
  175  10:50  Drone  
  175  10:51  Drone x3  
  175  10:54  Extractor x2  
  175  10:56  Drone x3  
  181  10:57  Drone x3  
  181  10:58  Seismic Spines  
  181  11:01  Hydralisk  
  181  11:02  Hydralisk x3  
  190  11:06  Hydralisk x2  
  193  11:13  Baneling x5  
  193  11:15  Zergling x14  
  194  11:28  Zergling x18  
  194  11:34  Lurker x6  
  194  11:37  Baneling x9  
  198  11:40  Zergling x2  
  198  11:45  Zergling x4  
  198  11:46  Zergling x16  
  195  11:50  Baneling x6  
  188  11:58  Zergling x22  
  189  12:08  Zergling x16  
  176  12:18  Overseer  
  176  12:20  Drone x2  
  178  12:24  Baneling x4  
  178  12:25  Adaptive Talons, Muscular Augments  
  178  12:27  Overlord  
  178  12:30  Zergling x26  
  189  12:49  Hydralisk x5  
  198  12:58  Hatchery  
  194  13:09  Overlord  
  194  13:10  Overlord  
  188  13:16  Zergling x14  
  191  13:20  Hatchery  
  191  13:23  Overlord  
  191  13:25  Viper x2  
  191  13:27  Zerg Missile Weapons Level 2, Overlord x2  
  195  13:28  Overseer  
  195  13:29  Adrenal Glands  
  195  13:36  Grooved Spines  
  195  13:40  Spore Crawler  
  193  13:43  Baneling  
  193  13:44  Baneling x14  
  193  13:45  Overseer  
  192  13:52  Zergling x8  
  192  13:53  Zergling x34  
  187  13:59  Hydralisk x2  
  187  14:00  Hydralisk x2  
  187  14:01  Zergling x8  
  192  14:15  Zergling x2  
  192  14:16  Zergling x12  
  199  14:21  Baneling x11  
  198  14:36  Baneling x6  
  198  14:37  Baneling  
  193  14:46  Zergling x14  
  197  14:54  Zergling x2  
  197  14:55  Zergling x22  
  194  15:05  Zergling x14  
  199  15:22  Drone  
  162  15:43  Zergling x22  
  162  15:44  Zergling x22  
  165  15:51  Zergling x6  
  165  15:52  Zergling x6  
  165  15:56  Zergling x6  
  165  15:57  Zergling x10  
  176  15:58  Overseer  
  176  16:03  Baneling  
  176  16:04  Lurker, Baneling x2  
  176  16:05  Lurker x7  
  176  16:06  Hydralisk x5  
  191  16:15  Hydralisk x5  
  194  16:22  Hatchery  
  193  16:30  Baneling x2  
  193  16:37  Lurker x5  
  196  16:52  Zerg Melee Weapons Level 3, Zerg Missile Weapons Level 3  
  196  16:53  Overseer x3, Lurker x4  
  197  17:03  Hydralisk  
  199  17:08  Baneling  
  199  17:09  Baneling x11  
  199  17:25  Zergling x2  
  192  17:33  Zergling x2  
  192  17:34  Zergling x24  
  193  17:41  Zergling x26  
  179  17:57  Hydralisk x3  
  185  17:58  Overseer  
  185  17:59  Zergling x2  
  185  18:00  Zergling x10  
  191  18:05  Viper x2  
  191  18:08  Baneling x14  
  192  18:22  Zergling x24  
  181  18:28  Zergling x6  
  181  18:34  Spore Crawler  
  183  18:35  Spore Crawler  
  183  18:36  Hydralisk x4  
  188  18:44  Lurker x5  
  192  18:48  Overseer  
  192  18:52  Hydralisk x5  
  197  18:57  Drone x2  
  195  19:10  Zergling x10  
  196  19:20  Overseer x2  
  196  19:21  Zergling x8  
  196  19:22  Zergling x6  
  198  19:27  Zergling x10  
  197  19:35  Lurker x3  
  197  19:36  Lurker  
  197  19:38  Hatchery  
  199  19:40  Baneling x10  
  199  19:41  Overlord  
  199  19:45  Zergling x12  
  198  20:04  Zergling x2  
  198  20:05  Zergling x8  
  171  20:17  Zergling x34  
  167  20:27  Overseer x2  
  167  20:29  Baneling x17  
  167  20:33  Hydralisk x3  
  167  20:34  Zergling x8  
  166  20:44  Hydralisk x5  
  166  20:49  Overseer  
  156  20:50  Hydralisk x4  
  156  20:52  Hydralisk x7  
  156  20:56  Hydralisk  
  154  20:58  Hydralisk x4  
  162  21:08  Hydralisk x5  
  167  21:11  Lurker x5  
  167  21:12  Lurker x6  
  167  21:13  Zergling x10  
  176  21:20  Zergling x6  
  179  21:28  Lurker x12  
  179  21:29  Lurker  
  179  21:30  Overlord x2  
  177  21:33  Drone x3  
  177  21:39  Zergling x12  
  168  21:55  Zergling x8  
  168  21:56  Zergling x14  
  168  22:00  Hatchery  
Show
View Real Time Build Order
Export as new Build Order

LiquidClem Terran 

Build Orders: Reaper Expand, Hellion Banshee 

Get SALT Encoding   

  12  0:00  SCV  
  13  0:12  SCV  
  14  0:17  Supply Depot  
  14  0:24  SCV  
  15  0:39  SCV  
  15  0:40  Barracks  
  16  0:42  Refinery  
  16  0:51  SCV  
  17  1:03  SCV  
  18  1:15  SCV  
  19  1:27  Reaper, Orbital Command  
  20  1:39  Command Center  
  20  1:47  Supply Depot  
  20  1:53  SCV  
  21  1:59  Marine  
  22  2:05  SCV  
  23  2:11  Factory  
  23  2:17  SCV  
  23  2:19  Barracks Reactor  
  24  2:29  SCV  
  25  2:37  Command Center  
  25  2:41  SCV  
  26  2:50  Orbital Command  
  26  2:53  SCV  
  27  2:58  Starport  
  27  3:02  Refinery  
  27  3:07  SCV  
  27  3:11  Hellion  
  30  3:15  Hellion  
  30  3:17  SCV  
  33  3:20  SCV  
  33  3:21  Barracks Tech Lab  
  34  3:29  SCV  
  34  3:32  SCV, Hellion  
  38  3:36  Hellion  
  38  3:41  SCV  
  41  3:45  SCV  
  41  3:46  Banshee  
  45  3:50  Orbital Command  
  45  3:53  SCV, Cloaking Field  
  46  3:58  Hellion  
  46  4:00  Hellion  
  50  4:03  SCV  
  50  4:05  SCV  
  50  4:09  Supply Depot  
  52  4:12  Barracks Tech Lab  
  52  4:15  SCV  
  52  4:16  SCV  
  54  4:17  SCV  
  54  4:19  Hellion  
  54  4:22  Hellion  
  59  4:28  SCV  
  59  4:29  SCV  
  59  4:30  Banshee  
  64  4:34  Supply Depot  
  64  4:35  Stimpack  
  64  4:36  SCV  
  65  4:45  Barracks  
  65  4:46  Marine  
  65  4:47  SCV  
  65  4:48  Barracks, SCV  
  65  4:51  Factory Reactor  
  65  4:52  Orbital Command  
  68  4:57  Supply Depot, Refinery  
  68  4:58  Refinery  
  68  4:59  SCV  
  69  5:01  SCV  
  69  5:04  Marine  
  71  5:07  Engineering Bay  
  71  5:08  Engineering Bay  
  71  5:11  SCV  
  71  5:12  Supply Depot  
  71  5:13  SCV  
  73  5:18  SCV  
  74  5:21  Marine  
  74  5:25  SCV, Starport Reactor  
  74  5:26  Barracks  
  74  5:27  Barracks  
  76  5:33  SCV  
  77  5:38  Marine  
  77  5:39  Marine x4  
  77  5:41  SCV  
  78  5:47  Siege Tank  
  78  5:48  SCV  
  82  5:50  SCV  
  82  5:52  Supply Depot  
  82  5:53  SCV  
  82  5:56  Marine, Supply Depot  
  85  5:57  Marine  
  85  5:58  Terran Infantry Weapons Level 1  
  85  6:01  Terran Infantry Armor Level 1  
  85  6:04  Marine x3  
  87  6:06  SCV x2  
  87  6:07  SCV  
  92  6:14  Medivac x2  
  92  6:15  Supply Depot  
  92  6:18  SCV x2  
  97  6:19  Supply Depot  
  97  6:20  Marine  
  97  6:21  Barracks Reactor  
  97  6:25  Siege Tank, SCV  
  102  6:28  Barracks Reactor  
  102  6:30  Marine x2, SCV  
  102  6:31  Marine  
  102  6:32  Marine, SCV  
  108  6:38  Marine, SCV  
  111  6:42  Supply Depot  
  111  6:43  Supply Depot  
  111  6:44  Factory, Refinery  
  111  6:45  Combat Shield  
  111  6:47  Marine  
  111  6:48  Marine  
  111  6:49  Marine  
  111  6:50  SCV  
  111  6:51  SCV x2  
  111  6:52  Marine, Medivac  
  120  6:55  Marine  
  120  6:57  Medivac  
  120  7:01  Marine  
  121  7:02  Marine  
  121  7:05  Marine  
  121  7:07  Marine x2  
  121  7:08  Marine x2, Siege Tank  
  121  7:13  Command Center  
  126  7:17  Refinery, Armory  
  126  7:18  Marine  
  126  7:20  Marine x2  
  126  7:21  Marine  
  125  7:24  Marine  
  125  7:25  Marine, Supply Depot  
  125  7:27  Medivac  
  125  7:29  SCV  
  130  7:30  Marine  
  130  7:35  Marine x2  
  130  7:36  Marine  
  136  7:37  Supply Depot  
  136  7:38  Marine x2  
  136  7:39  Factory Reactor  
  136  7:40  SCV x2  
  136  7:41  Marine  
  136  7:43  Widow Mine  
  141  7:50  Medivac  
  143  7:51  Marine x3  
  143  7:53  Marine, Supply Depot  
  143  7:57  Supply Depot  
  147  8:02  Marine x3  
  147  8:04  Marine, Medivac, Widow Mine  
  155  8:06  Terran Infantry Weapons Level 2  
  155  8:07  Marine  
  155  8:11  Marine  
  157  8:13  Drilling Claws  
  157  8:17  Marine  
  157  8:19  Marine  
  157  8:20  Marine, Medivac  
  157  8:23  Marine  
  157  8:26  Widow Mine x3  
  167  8:36  Terran Vehicle And Ship Armor Level 1  
  167  8:38  Marine x2, Sensor Tower  
  167  8:39  SCV  
  170  8:42  Marine  
  170  8:47  Widow Mine  
  170  8:48  Marine, Widow Mine x2  
  175  8:49  Marine, Marauder  
  175  8:54  Barracks  
  179  8:56  Barracks x2  
  179  8:58  Marine  
  179  8:59  Medivac  
  179  9:00  Marine  
  169  9:06  Marine, Medivac  
  169  9:07  Marine x2  
  169  9:08  Widow Mine  
  169  9:09  Widow Mine x2  
  174  9:11  Marine  
  174  9:13  Marine  
  174  9:14  Marine x2  
  168  9:20  Planetary Fortress  
  168  9:21  SCV x2  
  170  9:25  SCV  
  170  9:28  Marine  
  170  9:29  Liberator  
  170  9:30  Widow Mine x3  
  181  9:35  Marine  
  181  9:37  SCV  
  173  9:47  Barracks Tech Lab x3  
  173  9:50  SCV  
  173  9:51  Widow Mine  
  173  9:52  Marine, Widow Mine x2  
  176  9:53  Marine, Marauder  
  175  10:04  Command Center  
  175  10:08  Medivac  
  175  10:12  Marine x2, Medivac, Widow Mine  
  175  10:13  Marauder, Widow Mine  
  187  10:16  Terran Infantry Armor Level 2  
  187  10:23  SCV  
  187  10:26  SCV  
  187  10:27  SCV  
  186  10:28  Widow Mine  
  186  10:29  Marauder  
  187  10:38  Marine, Marauder  
  187  10:42  Widow Mine  
  188  10:43  Marine, Widow Mine  
  188  10:44  Marauder  
  188  10:48  Marauder  
  188  10:49  Marine x4  
  187  10:50  Widow Mine  
  187  10:56  Terran Infantry Weapons Level 3  
  188  10:59  Refinery  
  188  11:00  Refinery  
  188  11:01  Terran Vehicle And Ship Armor Level 2, Ghost Academy  
  188  11:04  Marine  
  188  11:05  Marine  
  188  11:13  Supply Depot  
  188  11:14  Supply Depot  
  188  11:15  Marauder, SCV x2  
  188  11:16  Marauder x2, Widow Mine x3  
  199  11:26  Marauder  
  195  11:36  Marauder  
  195  11:37  Widow Mine  
  199  11:44  Widow Mine  
  199  11:45  Marauder x2  
  199  11:46  Medivac  
  200  11:48  Planetary Fortress  
  198  12:00  Widow Mine  
  190  12:01  Marauder  
  190  12:04  Widow Mine  
  190  12:05  Marine x2  
  190  12:06  Ghost x3  
  190  12:07  Marine x3  
  179  12:08  Medivac, Widow Mine  
  179  12:09  Marine  
  179  12:10  Marine  
  179  12:13  Marine  
  174  12:16  SCV  
  174  12:17  Command Center  
  174  12:19  Command Center  
  174  12:22  Marine, Widow Mine  
  178  12:23  Marine x2  
  180  12:30  Marine x2  
  180  12:33  Medivac  
  180  12:34  Ghost  
  180  12:35  SCV, Ghost x2  
  191  12:39  Siege Tank, Ghost  
  191  12:40  Widow Mine  
  198  12:49  Command Center  
  200  12:51  Widow Mine  
  200  12:52  Marine, Missile Turret  
  200  12:53  Marine  
  200  12:58  Terran Infantry Armor Level 3  
  196  13:03  Ghost  
  196  13:04  Marauder  
  196  13:05  Widow Mine  
  200  13:12  Ghost  
  195  13:23  Liberator  
  195  13:24  Ghost  
  200  13:29  Orbital Command  
  200  13:37  Command Center  
  200  13:45  Missile Turret  
  200  13:46  Refinery  
  200  13:47  Marauder, Refinery  
  200  13:51  Ghost  
  200  13:52  Ghost  
  181  13:56  Marine  
  181  13:58  Medivac, Widow Mine x2  
  181  14:00  Marauder  
  181  14:01  Marine  
  186  14:07  Widow Mine  
  186  14:09  Marauder  
  187  14:15  Planetary Fortress  
  183  14:17  Marine x2  
  183  14:19  Marine, Widow Mine x2, Ghost  
  183  14:20  Liberator, Ghost  
  183  14:21  Ghost  
  183  14:22  Marine  
  200  14:25  Missile Turret  
  200  14:26  Missile Turret  
  200  14:27  Marine  
  200  14:31  SCV x2  
  195  14:39  Widow Mine  
  195  14:40  Ghost, Orbital Command  
  195  14:42  Command Center  
  199  14:51  Widow Mine  
  184  15:01  Widow Mine  
  184  15:02  Medivac  
  184  15:03  Medivac, Widow Mine  
  184  15:04  Ghost  
  184  15:06  Marine x3  
  197  15:07  Marine  
  197  15:08  Marine  
  197  15:13  SCV  
  199  15:21  Marine  
  199  15:39  Widow Mine, Ghost  
  184  15:45  Widow Mine  
  184  15:46  Medivac  
  168  15:54  Widow Mine  
  170  15:58  Marine  
  170  16:00  SCV, Widow Mine  
  170  16:02  Marine x2  
  170  16:03  Marauder x2  
  180  16:05  Marine  
  180  16:06  Marine  
  180  16:07  Widow Mine  
  180  16:09  Marine  
  184  16:12  Planetary Fortress  
  184  16:13  Orbital Command  
  184  16:15  SCV, Widow Mine, Command Center  
  184  16:16  SCV  
  184  16:17  SCV  
  188  16:20  Marine x3, SCV  
  188  16:21  Widow Mine  
  188  16:23  SCV x3  
  189  16:25  Marine  
  189  16:26  Missile Turret  
  189  16:28  Widow Mine  
  192  16:36  Widow Mine  
  192  16:39  Missile Turret, SCV  
  195  16:43  Widow Mine  
  197  16:48  Ghost  
  197  16:52  SCV  
  200  17:06  Command Center  
  200  17:07  Refinery  
  200  17:10  Orbital Command  
  200  17:17  Terran Vehicle And Ship Armor Level 3, Personal Cloaking, Orbital Command  
  199  17:29  Widow Mine  
  182  17:39  Ghost  
  182  17:42  Widow Mine  
  186  17:48  Ghost x2  
  186  17:49  Marine, Ghost  
  186  17:50  Widow Mine  
  173  17:53  Marine x2, Widow Mine  
  173  17:54  Orbital Command  
  173  17:57  Marine  
  173  17:58  Marine x2  
  180  18:01  SCV x2  
  180  18:03  Widow Mine  
  184  18:08  SCV, Ghost  
  184  18:12  Widow Mine  
  186  18:14  Marine, Widow Mine  
  186  18:15  SCV  
  186  18:17  Ghost x2  
  194  18:23  Ghost  
  194  18:24  Orbital Command  
  179  18:28  Marine x2  
  181  18:36  Ghost  
  181  18:37  Widow Mine  
  185  18:45  Ghost x2  
  189  18:52  Ghost  
  189  18:55  Missile Turret  
  188  19:05  Ghost  
  175  19:14  Marine x2, Widow Mine x2  
  175  19:15  Marauder x2  
  181  19:17  Marine  
  181  19:22  Marine x2, Marauder  
  172  19:25  Medivac  
  172  19:26  SCV  
  172  19:27  Marine  
  172  19:28  Marine x2  
  173  19:35  Missile Turret  
  173  19:36  Missile Turret, Sensor Tower  
  170  19:40  Ghost  
  170  19:45  Widow Mine  
  169  19:51  Marine x3, Marauder x2  
  174  19:53  Widow Mine  
  174  19:54  Marine  
  177  20:00  Widow Mine  
  178  20:09  Widow Mine  
  149  20:16  Ghost  
  149  20:17  Marine x4, Widow Mine, Ghost  
  149  20:18  Medivac  
  138  20:23  Widow Mine  
  138  20:24  Marine, Orbital Command  
  138  20:26  Marine  
  142  20:30  Widow Mine  
  142  20:44  Widow Mine  
  142  20:46  Widow Mine  
  141  20:51  Ghost  
  141  20:52  Widow Mine  
  121  21:01  Ghost  
  115  21:12  Ghost  
  117  21:18  Ghost  
  117  21:21  Orbital Command  
  110  21:33  Ghost  
  110  21:35  Marine  
  110  21:39  Ghost  
  113  21:59  Refinery  
  107  22:01  Refinery  
Tags
 
Add a new tag
Caveats
  • Supply blocks, unpowered buildings, or Contaminate may cause inaccurate times.
  • Supply counts are checked every 10 seconds.